AoeStats
← 6X_Kanna_X6

Arena

510183099Analyzed
4v4 RM · 1d ago on Sep 29, 2026· 69m 49s· 8 players
Game mode
Random Map
Map size
Large (8 player)
Population
200
Speed
Normal
Resources
Standard
Victory
Conquest
Starting age
Dark Age
Ending age
Imperial Age
RankedLock teamsTeams togetherTeam positionsShared explorationLock speedFull tech treeHidden civsTurbo modeCheats
Victory
Defeat
🇧🇷 Maya · Brazil
682
+17
🇪🇪 Franks · Estonia
673
+17
🇨🇱 Teutons · Chile
629
+19
🇨🇱 Mongols · Chile
624
+19
🇮🇳 Franks · India
738
-20
🇲🇽 Bohemians · Mexico
684
-22
🇨🇳 Cumans · China
679
-17
678
-17
Buffy the Empire Slayer
1:06 Loom
12:59 Feudal Age
14:34 Arson
18:55 Man-at-Arms
23:58 Castle Age
24:23 Fletching
30:32 Bloodlines
29:43 Light Cavalry
29:49 Elite Skirmisher
32:15 Gambesons
31:52 Pikeman
31:53 Long Swordsman
32:31 Crossbowman
36:28 Thumb Ring
47:09 Imperial Age
49:06 Conscription
49:11 Town Watch
50:01 Wheelbarrow
55:49 Cavalier
56:33 Husbandry
56:00 Arbalester
58:19 Gold Mining
58:19 Stone Mining
60:05 Murder Holes
60:22 Fortified Wall
61:13 Chemistry
60:34 Ballistics
66:37 Halberdier
66:38 Two-Handed Swordsman
AbiXNorth
10:58 Feudal Age
11:02 Loom
12:22 Double-Bit Axe
14:01 Wheelbarrow
14:40 Horse Collar
20:11 Castle Age
22:29 Hand Cart
22:54 Bow Saw
23:32 Heavy Plow
25:09 Hand Cart
26:00 Loom
28:23 Crossbowman
31:20 Scale Barding Armor
31:26 Forging
31:16 Padded Archer Armor
31:07 Fletching
32:02 Caravan
32:07 Pikeman
32:47 Squires
33:27 Husbandry
35:36 Wagenburg Tactics
35:57 Chain Barding Armor
35:38 Scale Mail Armor
35:29 Fletching
39:04 Imperial Age
38:11 Chain Barding Armor
37:52 Scale Mail Armor
38:27 Iron Casting
37:47 Bodkin Arrow
38:14 Murder Holes
38:29 Fortified Wall
38:41 Ballistics
39:41 Halberdier
40:05 Cavalier
41:26 Fortified Wall
41:27 Masonry
42:28 Hussite Reforms
43:00 Block Printing
42:58 Fervor
43:59 Chain Mail Armor
44:45 Blast Furnace
44:01 Leather Archer Armor
44:38 Block Printing
45:26 Theocracy
45:19 Sanctity
44:33 Elite Hussite Wagon
47:36 Chemistry
47:07 Architecture
54:39 Elite Skirmisher
54:46 Arbalester
SKS
11:00 Feudal Age
11:31 Double-Bit Axe
17:27 Castle Age
15:24 Stone Mining
16:03 Gold Mining
18:45 Loom
22:12 Pikeman
24:08 Gold Shaft Mining
27:50 Wheelbarrow
27:35 Fletching
29:53 Bow Saw
36:30 Imperial Age
34:13 Padded Archer Armor
37:42 Conscription
38:41 Bodkin Arrow
39:01 Leather Archer Armor
38:27 Cavalier
41:05 Scale Barding Armor
41:11 Forging
42:53 Chain Barding Armor
43:08 Iron Casting
42:58 Ballistics
44:32 Conscription
45:28 Chemistry
46:02 Hand Cart
55:10 Light Cavalry
65:11 Halberdier
WINGER
1:11 Loom
11:39 Feudal Age
17:11 Castle Age
15:53 Double-Bit Axe
18:37 Horse Collar
19:15 Heavy Plow
22:59 Fervor
23:07 Bow Saw
24:29 Gold Mining
26:44 Stone Mining
27:35 Gold Shaft Mining
31:44 Imperial Age
30:40 Wheelbarrow
30:46 Forging
30:42 Scale Barding Armor
32:47 Iron Casting
32:33 Chain Barding Armor
32:30 Hand Cart
34:15 Blast Furnace
34:18 Chemistry
33:39 Ballistics
33:59 Guilds
34:24 Crop Rotation
35:20 Plate Barding Armor
35:53 Two-Man Saw
36:30 Masonry
36:47 Fletching
37:07 Cuman Mercenaries
37:29 Conscription
37:13 Steppe Husbandry
37:49 Hoardings
37:33 Bodkin Arrow
39:27 Bloodlines
38:48 Cavalier
39:49 Paladin
40:37 Padded Archer Armor
40:42 Caravan
41:03 Elite Kipchak
42:38 Leather Archer Armor
41:52 Heavy Cavalry Archer
43:02 Parthian Tactics
42:43 Thumb Ring
43:19 Murder Holes
43:18 Onager
43:21 Capped Ram
44:08 Siege Ram
48:20 Light Cavalry
49:30 Hussar
49:41 Siege Onager
kaktusmees
11:52 Feudal Age
13:20 Wheelbarrow
12:44 Double-Bit Axe
15:05 Gold Mining
21:59 Castle Age
20:57 Stone Mining
22:59 Hand Cart
23:23 Fletching
24:44 Gold Shaft Mining
24:38 Forging
24:28 Scale Mail Armor
25:38 Scale Barding Armor
27:37 Bodkin Arrow
28:21 Iron Casting
28:02 Chain Mail Armor
28:11 Town Watch
30:24 Bow Saw
33:03 Imperial Age
31:04 Caravan
31:11 Town Patrol
32:21 Chain Barding Armor
32:08 Husbandry
33:16 Cavalier
35:00 Blast Furnace
34:31 Plate Mail Armor
34:37 Plate Barding Armor
35:22 Fortified Wall
35:29 Masonry
36:05 Ballistics
36:55 Paladin
37:10 Ordonnance Companies
38:28 Hoardings
38:45 Siege Engineers
40:05 Elite Throwing Axeman
42:23 Chivalry
42:44 Conscription
44:56 Architecture
44:25 Murder Holes
54:39 Treadmill Crane
sebajr10
10:26 Feudal Age
11:57 Wheelbarrow
11:12 Double-Bit Axe
12:30 Horse Collar
19:29 Castle Age
17:34 Stone Mining
19:26 Forging
19:17 Scale Mail Armor
18:47 Man-at-Arms
20:49 Iron Casting
21:42 Bow Saw
24:34 Heavy Plow
25:12 Gold Mining
29:04 Squires
29:38 Hand Cart
33:22 Imperial Age
31:54 Chain Mail Armor
31:36 Arson
36:04 Chemistry
34:39 Long Swordsman
35:04 Gambesons
37:57 Ballistics
38:39 Blast Furnace
38:10 Plate Mail Armor
37:03 Heavy Scorpion
43:51 Two-Man Saw
43:24 Crop Rotation
42:44 Elite Teutonic Knight
49:39 Stone Shaft Mining
49:46 Cavalier
50:38 Bloodlines
50:37 Town Watch
50:38 Loom
52:15 Paladin
56:01 Caravan
56:38 Scale Barding Armor
60:09 Chain Barding Armor
Jorjão
0:55 Loom
13:17 Feudal Age
17:02 Wheelbarrow
17:11 Double-Bit Axe
17:23 Gold Mining
18:46 Stone Mining
19:48 Town Watch
20:01 Arson
21:50 Stone Mining
22:11 Scale Mail Armor
22:21 Forging
22:58 Horse Collar
27:16 Castle Age
29:38 Padded Archer Armor
29:29 Fletching
30:34 Hand Cart
31:03 Stone Shaft Mining
31:05 Heavy Plow
32:40 Town Patrol
32:41 Treadmill Crane
33:12 Fortified Wall
33:12 Masonry
32:58 Murder Holes
33:45 Squires
33:05 Eagle Warrior
34:03 Caravan
34:57 Bow Saw
36:38 Chain Mail Armor
36:58 Iron Casting
37:30 Iron Casting
42:16 Imperial Age
39:50 Pikeman
41:09 Leather Archer Armor
41:29 Thumb Ring
43:24 Conscription
43:47 Crop Rotation
44:56 Hoardings
43:57 Halberdier
44:53 Bodkin Arrow
45:32 Architecture
46:20 Elite Plumed Archer
48:33 Two-Man Saw
49:23 Ballistics
51:01 Ring Archer Armor
50:32 Bracer
51:34 Chemistry
54:02 Blast Furnace
53:34 Plate Mail Armor
6X_Kanna_X6
1:18 Loom
10:08 Feudal Age
16:07 Double-Bit Axe
19:52 Castle Age
19:10 Gold Mining
19:10 Stone Mining
21:50 Padded Archer Armor
21:40 Fletching
22:01 Forging
23:32 Fortified Wall
24:52 Wheelbarrow
25:38 Masonry
26:58 Murder Holes
27:39 Leather Archer Armor
27:20 Bodkin Arrow
28:46 Bow Saw
29:30 Pikeman
30:10 Squires
29:56 Arson
30:14 Nomads
31:05 Gold Shaft Mining
31:05 Stone Shaft Mining
35:33 Hand Cart
37:45 Iron Casting
37:06 Bodkin Arrow
41:00 Caravan
41:02 Town Watch
42:26 Town Patrol
42:26 Light Cavalry
43:17 Bloodlines
43:45 Horse Collar
44:10 Scale Mail Armor
44:15 Scale Barding Armor
44:47 Coinage
48:56 Heavy Plow
58:26 Imperial Age
56:13 Chain Mail Armor
56:18 Chain Barding Armor
59:14 Bracer
60:14 Blast Furnace
59:45 Plate Mail Armor
60:43 Chemistry
59:34 Guard Tower
61:53 Banking
61:06 Capped Ram
61:07 Onager
61:07 Heavy Scorpion
65:12 Siege Engineers
65:29 Ballistics
65:28 Siege Ram
Connection lost

Rejoining the realm…

Still unreachable

The connection could not be restored.

Session expired

The server has moved on; the page needs a fresh start.